 Dungeon Crawl Stone Soup version 0.31-a0-1338-gb567cfdca4 (webtiles) character file.

Game seed: 14233387587478513530

1286 jfcaron the Ruffian (level 8, 0/91 HPs)
             Began as a Gnoll Shapeshifter on Dec 22, 2023.
             Was a Priest of Uskayaw.
             Succumbed to a water moccasin's poison
             ... on level 6 of the Dungeon on Dec 23, 2023.
             The game lasted 00:12:09 (4835 turns).

jfcaron the Ruffian (Gnoll Shapeshifter)            Turns: 4835, Time: 00:12:10

Health: 0/91       AC:  0    Str: 21    XL:     8   Next: 55%
Magic:  13/13      EV: 14    Int: 10    God:    Uskayaw [***...]
Gold:   53         SH:  5    Dex: 14    Spells: 14/14 levels left

rFire   . . .        x - +0 dagger (elec)
rCold   . . .        H - +0 buckler
rNeg    + . .        (no body armour)
rPois   .            y - melded +2 helmet
rElec   .            a - melded scarf {rC+ rF+}
rCorr   .            (gloves currently unavailable)
SInv    .            (boots currently unavailable)
Will    +....        F - amulet "Alaus" {Faith Will+ Dex+2} Stlth
                     e - ring of positive energy
HPRegen 0.35/turn    l - +6 ring of strength
MPRegen 0.13/turn

%: faith
@: berserking, lethally poisoned (0 -> -6), beast-form, very quick
A: beast (slay +4), fangs 1, strong nose, distributed training
a: Begin Untransformation, Renounce Religion, Stomp, Line Pass


You were on level 6 of the Dungeon.
You worshipped Uskayaw.
Uskayaw was noncommittal.
You were a hulking beast.
You visited 1 branch of the dungeon, and saw 6 of its levels.

You collected 274 gold pieces.
You spent 221 gold pieces at shops.

Inventory:

Hand Weapons
 s - a +4 scimitar
 x - a +0 dagger of electrocution (weapon)
   (You took it off a goblin on level 2 of the Dungeon)
Missiles
 h - 68 stones
 C - 4 boomerangs
 E - 4 curare-tipped darts {!f}
 G - 3 poisoned darts
Armour
 a - a scarf of resistance (melded)
   (You found it on level 4 of the Dungeon)
 g - a +0 leather armour
 o - a +0 pair of boots
 y - a +2 helmet (melded)
 z - a +0 scale mail
 H - a +0 buckler (worn)
 I - a +0 leather armour of fire resistance
   (You took it off an orc on level 5 of the Dungeon)
Magical Staves
 k - a staff of cold
   (You found it on level 1 of the Dungeon)
Jewellery
 e - a ring of positive energy (left hand)
 l - a +6 ring of strength (right hand)
   (You found it on level 1 of the Dungeon)
 u - a ring of magical power
 F - the amulet "Alaus" (around neck) {Faith Will+ Dex+2}
   (You found it on level 5 of the Dungeon)

   [amulet of faith]

   Faith:     It allows you to gain divine favour quickly.
   Dex+2:     It affects your dexterity (+2).
   Will+:     It increases your willpower.
Talismans
 c - a beast talisman (active)
 d - a flux talisman
Wands
 B - a wand of charming (10)
Scrolls
 f - a scroll of butterflies
 j - 2 scrolls of enchant armour
 m - 2 scrolls of teleportation
 A - a scroll of fog
Potions
 b - 3 potions of lignification
 i - 4 potions of heal wounds
 n - a potion of mutation
 p - a potion of curing
 q - 2 potions of attraction
 t - 3 potions of enlightenment
 v - a potion of degeneration {unknown}
 w - 2 potions of haste
 D - a potion of magic {unknown}


   Skills:
 + Level 4.4 Fighting
 + Level 3.5 Short Blades
 + Level 3.5 Long Blades
 + Level 3.5 Axes
 + Level 3.5 Maces & Flails
 + Level 3.5 Polearms
 + Level 3.5 Staves
 + Level 3.5 Ranged Weapons
 + Level 3.5 Throwing
 + Level 3.5 Armour
 + Level 5.8 Dodging
 + Level 3.5 Stealth
 + Level 3.5 Shields
 + Level 7.5 Unarmed Combat
 + Level 3.5 Spellcasting
 + Level 2.9 Conjurations
 + Level 2.9 Hexes
 + Level 2.9 Summonings
 + Level 2.9 Necromancy
 + Level 2.9 Translocations
 + Level 2.9 Fire Magic
 + Level 2.9 Ice Magic
 + Level 2.9 Air Magic
 + Level 2.9 Earth Magic
 + Level 2.9 Alchemy
 + Level 3.9 Invocations
 + Level 3.5 Evocations
 + Level 7.3 Shapeshifting


You had 14 spell levels left.
You didn't know any spells.
Your spell library contained the following spells:

 Spells                   Type           Power      Damage    Failure   Level
 Sting                    Conj/Alch      28%        1d4       10%         1
 Call Imp                 Summ           14%        N/A       16%         2
 Mercury Vapours          Alch/Air       14%        N/A       16%         2
 Sublimation of Blood     Necr           7%         N/A       16%         2
 Tukima's Dance           Hex            7%         N/A       30%         3
 Animate Dead             Necr           7%         N/A       69%         4
 Olgreb's Toxic Radiance  Alch           7%         N/A       69%         4
 Passage of Golubria      Tloc           7%         N/A       69%         4
 Borgnjor's Vile Clutch   Necr/Erth      3%         N/A       95%         5
 Yara's Violent Unravell  Hex/Alch       3%         3d4       95%         5
 Death Channel            Necr           3%         N/A       100%        6
 Simulacrum               Ice/Necr       3%         N/A       100%        6
 Ozocubu's Refrigeration  Ice            3%         4d8       100%        7
 Summon Hydra             Summ           3%         N/A       100%        7
 Polar Vortex             Ice            3%         N/A       100%        9


Dungeon Overview and Level Annotations

Branches:
Dungeon (6/15)             Temple (0/1) D:6

Altars:
Dithmenos
Ru
Trog
Uskayaw
Xom
The Shining One

Shops:
D:2 !   D:5 !

Annotations:
D:6 Jeremiah


Innate Abilities, Weirdness & Mutations

You are a hulking beast.
Your limbs bulge with bestial killing power. (Slay +4)
You have very sharp teeth.
Your uncanny sense of smell can sniff out nearby items.
Your experience applies equally to all skills.


Message History

The water moccasin bites you!
* * * LOW HITPOINT WARNING * * *
You feel better. The water moccasin bites you.
It was a potion of berserk rage.
A red film seems to cover your vision as you go berserk!
You feel yourself moving faster!
You feel mighty! The water moccasin closely misses you.
The water moccasin bites you.
* * * LOW HITPOINT WARNING * * *
You are poisoned.
The water moccasin poisons you!
You are too berserk!
You hit the water moccasin.
Lightning courses through the water moccasin!
You kill the water moccasin!
You feel very sick.
Uskayaw will force your foes to helplessly watch your dance.
Uskayaw prepares the audience for your solo!
You feel sick.
The ice beast is no longer paralysed.
The ice beast hits you.
* * * LOW HITPOINT WARNING * * *
The ice beast freezes you!
* * * LOW HITPOINT WARNING * * *
You hit the ice beast.
The ice beast is lightly wounded.
* * * LOW HITPOINT WARNING * * *
You feel sick.
You are too berserk!
Unknown command.
You are too berserk!
Unknown command.
Okay, then.
Unknown command.
You hit the ice beast but do no damage.
Lightning courses through the ice beast!
The ice beast is moderately wounded.
* * * LOW HITPOINT WARNING * * *
You feel sick. You block the ice beast's attack.
You puncture the ice beast!
Lightning courses through the ice beast!!
You kill the ice beast!
You die...

#................
#...............#
#...............#
#................
................#
#.......$.$...#
#........>...#
#..#####...)).# #
#h##...... #. #.#
##.## ##.######.#
# #.........#
#........## #.
#........###....
#.....<......#
..........#####
..#.......#


There were no monsters in sight!

Vanquished Creatures
  2 water moccasins (D:6)
  An ice beast (D:6)
  A black bear (D:5)
  2 bullfrogs (D:5)
  3 scorpions (D:5)
  A gnoll sergeant (D:5)
  4 wights (D:5)
  A howler monkey (D:5)
  An orc priest (D:4)
  A jelly (D:4)
  2 hounds
  An iguana (D:5)
  An orc wizard (D:5)
  2 adders
  9 gnolls (D:5)
  2 bombardier beetles
  A white imp (D:6)
  2 adder skeletons (D:2)
  2 worms
  9 orcs
  9 bats
  2 bat skeletons (D:2)
  A bat zombie (D:2)
  4 endoplasms
  3 giant cockroaches
  8 goblins
  6 hobgoblins
  16 jackals
  4 kobolds
  2 quokkas
  4 ball pythons
  A ball python zombie (D:2)
  A frilled lizard (D:3)
  A jackal skeleton (D:2)
  A quokka zombie (D:2)
  4 rats
115 creatures vanquished.

Notes
Turn   | Place    | Note
-------+----------+-------------------------------------------
     0 | D:1      | jfcaron the Gnoll Shapeshifter began the quest for the Orb.
     0 | D:1      | Reached XP level 1. HP: 17/17 MP: 1/1
    69 | D:1      | Reached XP level 2. HP: 11/23 MP: 2/2
   296 | D:1      | Reached XP level 3. HP: 25/28 MP: 3/3
   375 | D:1      | Reached skill level 1 in Invocations
   732 | D:2      | Found Wotin's Distillery.
   744 | D:2      | Bought a potion of heal wounds for 60 gold pieces
   788 | D:2      | Reached skill level 1 in Short Blades
   788 | D:2      | Reached skill level 1 in Long Blades
   788 | D:2      | Reached skill level 1 in Axes
   788 | D:2      | Reached skill level 1 in Maces & Flails
   788 | D:2      | Reached skill level 1 in Polearms
   788 | D:2      | Reached skill level 1 in Staves
   788 | D:2      | Reached skill level 1 in Ranged Weapons
   788 | D:2      | Reached skill level 1 in Throwing
   788 | D:2      | Reached skill level 1 in Armour
   788 | D:2      | Reached skill level 1 in Stealth
   788 | D:2      | Reached skill level 1 in Shields
   788 | D:2      | Reached skill level 1 in Spellcasting
   788 | D:2      | Reached skill level 1 in Evocations
   810 | D:2      | Found a shimmering altar of Xom.
   873 | D:2      | Bought a potion of curing for 36 gold pieces
   971 | D:2      | Reached XP level 4. HP: 34/34 MP: 5/5
  1346 | D:3      | Found a shadowy altar of Dithmenos.
  1370 | D:3      | Reached skill level 1 in Conjurations
  1370 | D:3      | Reached skill level 1 in Hexes
  1370 | D:3      | Reached skill level 1 in Summonings
  1370 | D:3      | Reached skill level 1 in Necromancy
  1370 | D:3      | Reached skill level 1 in Translocations
  1370 | D:3      | Reached skill level 1 in Fire Magic
  1370 | D:3      | Reached skill level 1 in Ice Magic
  1370 | D:3      | Reached skill level 1 in Air Magic
  1370 | D:3      | Reached skill level 1 in Earth Magic
  1370 | D:3      | Reached skill level 1 in Alchemy
  1373 | D:3      | HP: 6/34 [burnt (6)]
  1600 | D:3      | Noticed a +0 dagger
  1601 | D:3      | Noticed a +0 short sword
  1601 | D:3      | Noticed a +0 spear
  1610 | D:3      | Noticed a +0 short sword
  1611 | D:3      | Noticed a +0 dagger
  1611 | D:3      | Noticed a +0 falchion
  1612 | D:3      | Noticed a +0 falchion
  1612 | D:3      | Noticed a +0 spear
  1771 | D:3      | Found a sacrificial altar of Ru.
  1961 | D:3      | Found a hide-covered altar of Uskayaw.
  1992 | D:3      | Found a bloodstained altar of Trog.
  2141 | D:3      | Became a worshipper of Uskayaw the Reveller
  2180 | D:2      | Bought a potion of enlightenment for 60 gold pieces
  2350 | D:4      | Reached * piety under Uskayaw
  2484 | D:4      | Reached XP level 5. HP: 35/40 MP: 7/7
  2489 | D:4      | Reached ** piety under Uskayaw
  3118 | D:4      | Found a glowing golden altar of the Shining One.
  3237 | D:5      | Entered Level 5 of the Dungeon
  3237 | D:5      | Noticed a black bear
  3247 | D:5      | Killed a black bear
  3248 | D:5      | Reached skill level 5 in Dodging
  3248 | D:5      | Reached XP level 6. HP: 38/47 MP: 7/9
  3407 | D:5      | HP: 7/46 [gnoll/+0 spear (5)]
  3592 | D:5      | Identified the amulet "Alaus" {Faith Will+ Dex+2}
  3605 | D:5      | Found Zerehol's Distillery.
  3614 | D:5      | Bought a potion of heal wounds for 65 gold pieces
  3687 | D:5      | Reached *** piety under Uskayaw
  3689 | D:5      | Reached XP level 7. HP: 29/52 MP: 10/10
  3691 | D:5      | Reached **** piety under Uskayaw
  3698 | D:5      | Reached ***** piety under Uskayaw
  4316 | D:6      | Reached XP level 8. HP: 22/60 MP: 12/12
  4470 | D:6      | Found a staircase to the Ecumenical Temple.
  4495 | D:5      | HP: 11/57 [bullfrog (5)]
  4773 | D:6      | Noticed Jeremiah
  4832 | D:6      | HP: 18/91 [poisoned by a water moccasin]
  4832 | D:6      | HP: 4/91 [ice beast (9)]
  4834 | D:6      | HP: 1/91 [poisoned by a water moccasin]
  4835 | D:6      | Succumbed to a water moccasin's poison

Illustrated notes

Levels and vault maps discovered:
D:1:      roderic_chinese_lattice_arrival, layout_rooms
D:2:      layout_loops_cross, basic_altar, serial_undead, serial_undead_b,
          serial_undead_c, serial_undead_b, serial_undead_c, serial_undead_b,
          serial_undead_a, serial_undead_a, serial_undead_f, serial_shops, shop
D:3:      layout_loops_cross, nicolae_ru_awakened_eye,
          nicolae_uskayaw_en_pointe, mainiacjoe_overflow_brackets,
          mainiacjoe_overflow_alcove_4
D:4:      layout_basic, marbit_many_paths
D:5:      layout_basic, serial_shops, shop
D:6:      layout_rooms, nicolae_overflow_two_pavilions,
          minmay_temple_entry_offerings, grunt_decor_clamped, uniq_jeremiah

Skill      XL: |  1  2  3  4  5  6  7 |
---------------+----------------------+-----
Invocations    | 1 2 3 |  3.9
Short Blades   | 1 2 3 |  3.5
Long Blades    | 1 2 3 |  3.5
Axes           | 1 2 3 |  3.5
Maces & Flails | 1 2 3 |  3.5
Polearms       | 1 2 3 |  3.5
Staves         | 1 2 3 |  3.5
Ranged Weapons | 1 2 3 |  3.5
Throwing       | 1 2 3 |  3.5
Armour         | 1 2 3 |  3.5
Stealth        | 1 2 3 |  3.5
Shields        | 1 2 3 |  3.5
Spellcasting   | 1 2 3 |  3.5
Evocations     | 1 2 3 |  3.5
Conjurations   | 1 2 |  2.9
Hexes          | 1 2 |  2.9
Summonings     | 1 2 |  2.9
Necromancy     | 1 2 |  2.9
Translocations | 1 2 |  2.9
Fire Magic     | 1 2 |  2.9
Ice Magic      | 1 2 |  2.9
Air Magic      | 1 2 |  2.9
Earth Magic    | 1 2 |  2.9
Alchemy        | 1 2 |  2.9
Fighting       | 3 4 |  4.4
Dodging        | 5 |  5.8
Unarmed Combat | 7 |  7.5
Shapeshifting  | 7 |  7.3

Action                     |  1- 3 |  4- 6 |  7- 9 || total
---------------------------+-------+-------+-------++-------
  Melee: Unarmed           |    98 |   152 |    65 ||   315
         Bite              |    11 |    14 |    13 ||    38
         Punch             |     1 |     2 |       ||     3
         Dagger            |       |       |    14 ||    14
  Throw: Boomerang         |       |       |     3 ||     3
 Invoke: Stomp             |       |       |     1 ||     1
  Evoke: Wand              |       |     2 |     1 ||     3
    Use: Scroll            |       |    10 |     4 ||    14
         Potion            |       |       |     3 ||     3
   Stab: Sleeping          |     1 |     1 |       ||     2
         Paralysed         |       |     1 |     3 ||     4
 Armour: Animal skin       |    13 |       |       ||    13
         Leather armour    |    47 |    18 |       ||    65
         Skin              |       |    43 |    41 ||    84
  Dodge: Dodged            |    80 |    78 |    74 ||   232
  Block: Buckler           |       |       |     3 ||     3
   Form: Beast             |     1 |     1 |     1 ||     3
         Flux              |       |     2 |       ||     2

Table legend: (Time is in decaauts)
 A = Elapsed time spent in this place.
 B = Non-inter-level travel time spent in this place.
 C = Inter-level travel time spent in this place.
 D = Time resting spent in this place.
 E = Time spent auto-exploring this place.
 F = Levels seen in this place.
 G = Mean time per level.
                   A        B        C        D        E       F      G
               +--------+--------+--------+--------+--------+-----+--------+
         Total |   4799 |   4509 |    290 |    850 |   2749 |   6 |  799.8 |
       Dungeon |   4799 |   4509 |    290 |    850 |   2749 |   6 |  799.8 |
               +--------+--------+--------+--------+--------+-----+--------+

Top non-repeatable levels by time:
     D:5: 1459 daAuts
     D:4: 985 daAuts
     D:3: 904 daAuts
     D:1: 665 daAuts
     D:2: 658 daAuts
     D:6: 126 daAuts

Table legend: (Time is in decaauts)
 A = Elapsed time spent in this place.
 B = Non-inter-level travel time spent in this place.
 C = Inter-level travel time spent in this place.
 D = Time resting spent in this place.
 E = Time spent auto-exploring this place.
 F = Levels seen in this place.
 G = Mean time per level.
                   A        B        C        D        E       F      G
               +--------+--------+--------+--------+--------+-----+--------+
         Total |   4799 |   4509 |    290 |    850 |   2749 |   6 |  799.8 |
       Dungeon |   4799 |   4509 |    290 |    850 |   2749 |   6 |  799.8 |
               +--------+--------+--------+--------+--------+-----+--------+

Top non-repeatable levels by time:
     D:5: 1459 daAuts
     D:4: 985 daAuts
     D:3: 904 daAuts
     D:1: 665 daAuts
     D:2: 658 daAuts
     D:6: 126 daAuts

Table legend:
 A = Kills in this place as a percentage of kills in the entire game.
 B = Kills by you in this place as a percentage of kills by you in the entire game.
 C = Kills by friends in this place as a percentage of kills by friends in the entire game.
 D = Other kills in this place as a percentage of other kills in the entire game.
 E = Experience gained in this place as a percentage of experience gained in the entire game.
 F = Experience gained in this place divided by the number of levels of this place that you have seen.
                   A       B       C       D       E      F
               +-------+-------+-------+-------+-------+----------------------
         Total | 100.0 | 100.0 | 100.0 |   N/A | 100.0 | 327.8
       Dungeon | 100.0 | 100.0 | 100.0 |   N/A | 100.0 | 327.8
               +-------+-------+-------+-------+-------+----------------------

Levels and vault maps discovered:
D:1:      roderic_chinese_lattice_arrival, layout_rooms
D:2:      layout_loops_cross, basic_altar, serial_undead, serial_undead_b,
          serial_undead_c, serial_undead_b, serial_undead_c, serial_undead_b,
          serial_undead_a, serial_undead_a, serial_undead_f, serial_shops, shop
D:3:      layout_loops_cross, nicolae_ru_awakened_eye,
          nicolae_uskayaw_en_pointe, mainiacjoe_overflow_brackets,
          mainiacjoe_overflow_alcove_4
D:4:      layout_basic, marbit_many_paths
D:5:      layout_basic, serial_shops, shop
D:6:      layout_rooms, nicolae_overflow_two_pavilions,
          minmay_temple_entry_offerings, grunt_decor_clamped, uniq_jeremiah
